 Dungeon Sprint DCSS version 0.31-a0-986-g5e6e4ef867 (webtiles) character file.

Game seed: 18320415669277899245

598 dialectric the Imperceptible (level 7, -15/36 HPs)
             Began as a Spriggan Brigand on Nov 11, 2023.
             Was an Initiate of Dithmenos.
             Demolished by an ice devil (28 damage)
             ... summoned by a kobold demonologist
             ... in the Dungeon (Sprint I: "Red Sonja").
             The game lasted 00:01:31 (258 turns).

dialectric the Imperceptible (Spriggan Brigand)      Turns: 258, Time: 00:01:31

Health: -15/36     AC:  3    Str:  7    XL:     7   Next: 17%
Magic:  8/8        EV: 18    Int: 12    God:    Dithmenos [......]
Gold:   365        SH:  0    Dex: 19    Spells: 6/6 levels left

rFire   . . .        a - +2 dagger
rCold   . . .        (no shield)
rNeg    . . .        b - +0 robe
rPois   .            (helmet restricted)
rElec   .            c - +0 cloak
rCorr   .            (gloves unavailable)
SInv    +            (boots unavailable)
Will    +....        (no amulet)
Stlth   ++++++++     (no ring)
HPRegen 0.26/turn    (no ring)
MPRegen 0.11/turn

%: no teleportation
@: fragile, very quick
A: very small, no large weapons, unfitting armour, see invisible, speed 3
a: Renounce Religion


You were in the Dungeon.
You worshipped Dithmenos.
Dithmenos was noncommittal.
You visited 1 branch You collected 421 gold pieces.
You spent 56 gold pieces at shops.

Inventory:

Hand Weapons
 a - a +2 dagger (weapon)
Missiles
 d - 9 poisoned darts
Armour
 b - a +0 robe (worn)
 c - a +0 cloak (worn)
Wands
 l - a wand of paralysis (5)
Scrolls
 j - a scroll of fog
 k - a scroll of blinking
Potions
 f - a potion of curing
 g - a potion of heal wounds
 h - a potion of haste
 i - 2 potions of magic


   Skills:
 + Level 3.5 Fighting
 + Level 5.1 Short Blades
 - Level 3.4 Throwing
 + Level 3.3 Dodging
 * Level 21.1 Stealth


You had 6 spell levels left.
You didn't know any spells.
Your spell library was empty.

Dungeon Overview and Level Annotations

Branches:
Dungeon (1/1)

Altars:
Cheibriados
Dithmenos
Elyvilon
Fedhas
Gozag
Hepliaklqana
Kikubaaqudgha
Makhleb
Nemelex Xobeh
Okawaru
Qazlal
Ru
Sif Muna
Trog
Uskayaw
Vehumet
Wu Jian
Xom
Yredelemnul
Zin
The Shining One
Jiyva
Lugonu

Shops:
D ?


Innate Abilities, Weirdness & Mutations

You are very small and have problems with some larger weapons.
You are too small for most types of armour.
You have supernaturally acute eyesight. (SInv)
You cover ground extremely quickly. (Speed+++)


Message History

Unknown command.
Press < or > to pray at altars.
You hit the kobold demonologist but do no damage.
The kobold demonologist is moderately wounded.
The glass eye gazes at you.
You feel your fragility will last longer.
The kobold demonologist mumbles some strange words.
You hit the kobold demonologist.
The kobold demonologist is heavily wounded.
The glass eye gazes at you.
You feel your fragility will last longer.
Unknown command.
Press < or > to pray at altars.
You hit the kobold demonologist.
The kobold demonologist is heavily wounded.
The hellwing closely misses you. The hellwing completely misses you.
The kobold demonologist casts a spell.
Unknown command.
Press < or > to pray at altars.
You completely miss the kobold demonologist.
The kobold demonologist is heavily wounded.
The glass eye gazes at you.
You feel your fragility will last longer.
The hellwing completely misses you. The hellwing hits you!
You miss the kobold demonologist.
The kobold demonologist is heavily wounded.
The kobold demonologist completely misses you.
You hit the kobold demonologist but do no damage.
The kobold demonologist is heavily wounded.
Unknown command.
Press < or > to pray at altars.
You hit the kobold demonologist but do no damage.
The kobold demonologist is heavily wounded.
Unknown command.
Press < or > to pray at altars.
You hit the hellwing.
The hellwing is lightly wounded.
The ice devil hits you! The ice devil freezes you!!
Ouch! That really hurt!
You die...

#<.#..'..#.)'..#__#..KK..
#..)..#.)'..#..'.G'4.#...
#..#####'#####G#__####.4.
#..####..#...#.#### ####
#..#__####..##(#
#..#_____##'#_.+
#⌠⌠#_.∩K.†'..._#
####_..44##_.#'#
#___G@###+#.# ####### ###


You could see a glass eye, a hellwing (summoned), an ice devil (summoned) and a
kobold demonologist (very poisoned, slow).

Vanquished Creatures
  A slime creature (D)
  Sigmund (D)
  A yak (D)
  An ogre (D)
  A jelly (D)
  Ijyb (D)
6 creatures vanquished.

Notes
Turn   | Place    | Note
-------+----------+-------------------------------------------
     0 | D        | dialectric the Spriggan Brigand began the quest for the
                  | Orb.
     0 | D        | Reached XP level 1. HP: 10/10 MP: 2/2
     2 | D        | Noticed Ijyb
     3 | D        | Paralysed by Ijyb for 5 turns
    10 | D        | Killed Ijyb
    11 | D        | Reached skill level 9 in Stealth
    11 | D        | Reached XP level 2. HP: 12/15 MP: 3/3
    16 | D        | Noticed an ogre
    18 | D        | Killed an ogre
    19 | D        | Reached skill level 12 in Stealth
    19 | D        | Reached XP level 3. HP: 16/19 MP: 4/4
    19 | D        | Reached XP level 4. HP: 20/23 MP: 5/5
    22 | D        | Noticed Sigmund
    24 | D        | Killed Sigmund
    25 | D        | Reached skill level 17 in Stealth
    25 | D        | Reached XP level 5. HP: 26/28 MP: 6/6
    36 | D        | Found a shimmering blue altar of Sif Muna.
    37 | D        | Found an ornate altar of the Wu Jian Council.
    38 | D        | Found a radiant altar of Vehumet.
    60 | D        | Reached XP level 6. HP: 12/32 MP: 7/7
   161 | D        | Found Celieblur's Magic Scroll Emporium.
   161 | D        | Found an ancient bone altar of Kikubaaqudgha.
   161 | D        | Found a hazy altar of Hepliaklqana.
   161 | D        | Found a hide-covered altar of Uskayaw.
   161 | D        | Found a basalt altar of Yredelemnul.
   161 | D        | Found an opulent altar of Gozag.
   161 | D        | Found a snail-covered altar of Cheibriados.
   161 | D        | Found a sacrificial altar of Ru.
   161 | D        | Found a shadowy altar of Dithmenos.
   161 | D        | Noticed a yak
   162 | D        | Found a stormy altar of Qazlal.
   162 | D        | Found a blossoming altar of Fedhas.
   162 | D        | Found a bloodstained altar of Trog.
   162 | D        | Found an iron altar of Okawaru.
   162 | D        | Found a glowing golden altar of the Shining One.
   162 | D        | Found a glowing silver altar of Zin.
   162 | D        | Found a white marble altar of Elyvilon.
   163 | D        | Killed a yak
   164 | D        | Reached skill level 19 in Stealth
   164 | D        | Found a sparkling altar of Nemelex Xobeh.
   170 | D        | Became a worshipper of Dithmenos the Shadowed
   177 | D        | Bought a scroll of fog for 56 gold pieces
   191 | D        | Found a burning altar of Makhleb.
   191 | D        | Found a shimmering altar of Xom.
   191 | D        | Noticed a slime creature
   192 | D        | Found a viscous altar of Jiyva.
   192 | D        | Found a corrupted altar of Lugonu.
   194 | D        | Killed a slime creature
   195 | D        | Reached skill level 5 in Short Blades
   195 | D        | Reached skill level 21 in Stealth
   195 | D        | Reached XP level 7. HP: 36/36 MP: 8/8
   208 | D        | Noticed a kobold demonologist
   209 | D        | Noticed a glass eye
   209 | D        | Noticed a kobold demonologist
   211 | D        | Noticed a sun demon
   212 | D        | Noticed a rust devil
   252 | D        | Noticed a hellwing
   254 | D        | Noticed an ice devil
   258 | D        | Demolished by an ice devil

Illustrated notes

Levels and vault maps discovered:
D:        dungeon_sprint_1 [red_sonja_temple_1, red_sonja_temple_small_1]

Skill      XL: |  1  2  3  4  5  6 |
---------------+-------------------+-----
Fighting       | 2 3 |  3.5
Stealth        | 9 12 17 21 | 21.1
Short Blades   | 3 4 5 |  5.1
Throwing       | 3 |  3.4
Dodging        | 2 3 |  3.3

Action                     |  1- 3 |  4- 6 |  7- 9 || total
---------------------------+-------+-------+-------++-------
  Melee: Dagger            |     2 |    12 |    12 ||    26
  Throw: Dart              |     2 |       |     1 ||     3
    Use: Potion            |       |     1 |       ||     1
   Stab: Sleeping          |     1 |     3 |       ||     4
 Armour: Robe              |     1 |     2 |     3 ||     6
  Dodge: Dodged            |     1 |     5 |     9 ||    15

Table legend: (Time is in decaauts)
 A = Elapsed time spent in this place.
 B = Non-inter-level travel time spent in this place.
 C = Inter-level travel time spent in this place.
 D = Time resting spent in this place.
 E = Time spent auto-exploring this place.
 F = Levels seen in this place.
 G = Mean time per level.
                   A        B        C        D        E       F      G
               +--------+--------+--------+--------+--------+-----+--------+
         Total |    207 |    207 |      0 |     61 |      0 |   1 |  207.0 |
       Dungeon |    207 |    207 |      0 |     61 |      0 |   1 |  207.0 |
               +--------+--------+--------+--------+--------+-----+--------+

Top non-repeatable levels by time:
       D: 207 daAuts
